 Dungeon Crawl Stone Soup version 0.23.2-1-ga50397a (webtiles) character file.

Game seed: 16093132866470972798

140 Kairos the Ruffian (level 5, -1/45 (46) HPs)
             Began as a Ghoul Monk on Apr 24, 2019.
             Slain by an orc
             ... wielding a +0 war axe
              (9 damage)
             ... on level 3 of the Dungeon.
             The game lasted 00:03:12 (1630 turns).

Kairos the Ruffian (Ghoul Monk)                     Turns: 1630, Time: 00:03:13

HP:   -1/45 (46)    AC:  5    Str: 16    XL:     5   Next: 22%
MP:   4/4           EV: 12    Int:  5    God:
Gold: 90            SH:  0    Dex: 11    Spells: 4/4 levels left

rFire    . . .     SeeInvis .     - Unarmed
rCold    + . .     Gourm    .   (no shield)
rNeg     + + +     Faith    .   e - +0 ring mail
rPois    ∞         Spirit   .   (no helmet)
rElec    .         Reflect  .   (no cloak)
rCorr    .         Harm     .   (no gloves)
MR       .....                  (no boots)
Stlth    +.........             (no amulet)
HPRegen  0.00/turn              (no ring)
MPRegen  0.09/turn              (no ring)

@: rotting
A: rotting body, claws 1, carnivore, cold resistance 1, negative energy
resistance 3, inhibited regeneration, torment resistance, unbreathing
a: no special abilities


You were on level 3 of the Dungeon.
You were not hungry.

You visited 1 branch of the dungeon, and saw 3 of its levels.

You collected 90 gold pieces.

Inventory:

Missiles
 p - 8 poisoned javelins (quivered)
Armour
 a - a +0 robe
 e - a +0 ring mail (worn)
Scrolls
 c - a scroll of fear {unknown}
 j - a scroll of fog {unknown}
 l - a scroll of enchant armour {unknown}
Potions
 d - a potion of cancellation
 f - a potion of degeneration {unknown}
 g - 2 potions of haste
 i - a potion of experience {unknown}
 k - a potion of might {unknown}
 m - 3 potions of curing
 n - a potion of heal wounds {unknown}
 o - a potion of flight {unknown}
 q - a potion of brilliance {unknown}
Comestibles
 b - 6 rations


   Skills:
 + Level 3.7 Fighting
 + Level 1.1 Armour
 + Level 3.3 Dodging
 + Level 2.7 Stealth
 + Level 4.9 Unarmed Combat


You had 4 spell levels left.
You didn't know any spells.
Your spell library was empty.

Dungeon Overview and Level Annotations

Branches:
Dungeon (3/15)

Altars:


Innate Abilities, Weirdness & Mutations

Your body is rotting away.
You thrive on raw meat.
You are immune to poison.
You have sharp fingernails.
You are carnivorous and can eat meat at any time.
Your flesh is cold resistant. (rC+)
You are immune to negative energy. (rN+++)
You do not regenerate when monsters are visible.
You are immune to unholy pain and torment.
You can survive without breathing.


Message History

You scratch the jackal.
The jackal is heavily wounded.
The jackal bites you.
* * * LOW HITPOINT WARNING * * *
Your ring mail prevents you from hitting the jackal.
The jackal is heavily wounded.
The jackal barely misses you.
You barely miss the jackal.
The jackal is heavily wounded.
The jackal bites you but does no damage.
You closely miss the jackal.
The jackal is heavily wounded.
The jackal bites you but does no damage.
The jackal misses you.
You claw the jackal!
You kill the jackal!
You scratch the orc.
The orc is heavily wounded.
The orc hits you with a +0 war axe!
You die...

..#..#.)#.#
#.#..#..#..#
#.#.....#..#
#.##.#.##...
#....#.# .#..
####.#.#
.#..#
####.#.#
.##.#
#....#..
#.##@###
####.##o#
#.......#
#.###)#######
# #...a.o.#
#######h# ...
.#.o. a#h#.#


You could see an orc.

Vanquished Creatures
  An orc priest (D:3)
  Jessica (D:2)
  A worker ant (D:3)
  An adder (D:2)
  An ooze (D:1)
  A dart slug (D:1)
  An orc (D:3)
  A giant cockroach (D:1)
  6 goblins
  4 hobgoblins
  4 jackals (D:3)
  A quokka (D:2)
  8 bats
  3 frilled lizards
  3 kobolds
  10 rats
47 creatures vanquished.

Notes
Turn   | Place    | Note
-------+----------+-------------------------------------------
     0 | D:1      | Kairos the Ghoul Monk began the quest for the Orb.
     0 | D:1      | Reached XP level 1. HP: 19/19 MP: 0/0
   107 | D:1      | Reached XP level 2. HP: 26/26 MP: 1/1
   382 | D:1      | Reached XP level 3. HP: 28/31 MP: 2/2
  1081 | D:2      | Noticed Jessica
  1089 | D:2      | Killed Jessica
  1089 | D:2      | Reached skill level 4 in Unarmed Combat
  1089 | D:2      | Reached XP level 4. HP: 30/39 MP: 3/3
  1611 | D:3      | Reached skill level 1 in Armour
  1611 | D:3      | Reached XP level 5. HP: 15/45 MP: 4/4
  1630 | D:3      | Slain by an orc

Skill      XL: |  1  2  3  4 |
---------------+-------------+-----
Dodging        | 3 |  3.3
Unarmed Combat | 4 |  4.9
Armour         | 1 |  1.1
Fighting       | |  3.7
Stealth        | |  2.7

Action                   |  1- 3 |  4- 6 || total
-------------------------+-------+-------++-------
Melee: Unarmed           |    94 |    75 ||   169
       Punch             |       |     1 ||     1
  Use: Scroll            |     3 |     2 ||     5
 Stab: Sleeping          |     4 |     1 ||     5
  Eat: Chunk             |     2 |     2 ||     4
Armor: Robe              |    22 |       ||    22
       Ring mail         |     4 |    30 ||    34
Dodge: Dodged            |    76 |    48 ||   124
